 Dungeon Crawl Stone Soup version 0.22-a0-77-g0fd0111 (webtiles) character file.

105 shenanigans the Skirmisher (level 4, 0/38 HPs)
             Began as a Barachi Monk on Jan 14, 2018.
             Slain by an iron imp (4 damage)
             ... summoned by Natasha
             ... on level 2 of the Dungeon.
             The game lasted 00:02:45 (917 turns).

shenanigans the Skirmisher (Barachi Monk)            Turns: 917, Time: 00:02:46

Health: 0/38       AC: 12    Str: 13    XL:     4   Next: 83%
Magic:  4/4        EV:  4    Int: 11    God:
Gold:   35         SH:  0    Dex: 14    Spells: 3/3 levels left

rFire    . . .     SeeInvis .   a - +0 hand axe
rCold    . . .     Gourm    .   (no shield)
rNeg     . . .     Faith    .   j - +0 plate armour
rPois    .         Spirit   .   (no helmet)
rElec    .         Reflect  .   (no cloak)
rCorr    .         Harm     .   d - +0 pair of gloves
MR       .....                  (no boots)
Stlth    ..........             (no amulet)
HPRegen  0.12/turn              (no ring)
MPRegen  0.09/turn              (no ring)

@: slow
A: +LOS, swims, slowness 1, strong legs 1
a: Hop


You were on level 2 of the Dungeon.
You were hungry.

You visited 1 branch of the dungeon, and saw 2 of its levels.

You collected 35 gold pieces.

Inventory:

Hand Weapons
 a - a +0 hand axe (weapon)
Armour
 b - a +0 robe
 d - a +0 pair of gloves (worn)
 j - a +0 plate armour (worn)
Scrolls
 e - 2 scrolls of identify {unknown}
 g - a scroll of enchant weapon {unknown}
 h - 4 scrolls of teleportation {unknown}
Potions
 f - a potion of heal wounds
 i - a potion of curing {unknown}
Comestibles
 c - 4 rations


   Skills:
 + Level 4.5 Fighting
 + Level 4.1 Axes
 + Level 2.3 Armour
 + Level 4.1 Dodging
 - Level 1.7 Stealth


You had 3 spell levels left.
You didn't know any spells.

Dungeon Overview and Level Annotations

Branches:
Dungeon (2/15)

Altars:
Uskayaw

Annotations:
D:2 Natasha


Innate Abilities, Weirdness & Mutations

Shadows flee at your approach. (+LOS)
You can swim through water.
You cover ground slowly.
You can hop short distances.


Message History

The shadow imp hits you but does no damage.
Natasha barely misses you. The shadow imp hits you.
* * * LOW HITPOINT WARNING * * *
The iron imp hits you but does no damage.
You hit Natasha.
Natasha is almost dead.
You closely miss the shadow imp. You hit the iron imp but do no damage.
You feel yourself speed up. Natasha claws you.
* * * LOW HITPOINT WARNING * * *
The shadow imp hits you but does no damage.
The iron imp hits you.
* * * LOW HITPOINT WARNING * * *
Natasha claws you but does no damage.
You hit Natasha but do no damage.
Natasha is almost dead.
You hit the shadow imp. You hit the iron imp.
The shadow imp hits you but does no damage.
Natasha barely misses you. The iron imp hits you.
You die...

# #.# ####### #.#
......#########.########
#####....h...)..........
..........#####..######
#######.#.# #..#
#######.#.#####..#######.#
#.†.............5........#
#.#####.#.###.#h@#######.#
#.# #.......#.5........#
..# #.####...#.#######..
.[...)..#.(#...#.#
..#####.#.(#._.#.## ....
...#..#...#..#
.#####..####...##.# .#
##.......###.# .#
#.#.#)### #.#


You could see an iron imp, a hand axe, Natasha and a shadow imp.

Vanquished Creatures
  Terence (D:2)
  Natasha (D:2)
  2 adders (D:2)
  A worm (D:2)
  2 dart slugs
  6 bats
  3 giant cockroaches (D:1)
  A goblin (D:1)
  6 hobgoblins
  4 kobolds
  4 frilled lizards
  3 rats (D:1)
34 creatures vanquished.

Notes
Turn   | Place    | Note
-------+----------+-------------------------------------------
     0 | D:1      | shenanigans the Barachi Monk began the quest for the Orb.
     0 | D:1      | Reached XP level 1. HP: 18/18 MP: 1/1
   102 | D:1      | Reached XP level 2. HP: 25/25 MP: 2/2
   164 | D:1      | Reached skill level 1 in Armour
   337 | D:1      | Reached XP level 3. HP: 22/30 MP: 3/3
   575 | D:2      | Noticed a hand axe
   576 | D:2      | Noticed a hand axe
   674 | D:2      | Found a hide-covered altar of Uskayaw.
   694 | D:2      | Noticed Natasha
   705 | D:2      | Killed Natasha
   705 | D:2      | Reached XP level 4. HP: 37/37 MP: 4/4
   796 | D:2      | Noticed Terence
   819 | D:2      | Killed Terence
   895 | D:2      | Noticed Natasha
   917 | D:2      | Slain by an iron imp

Vault maps used:
D:1:      dpeg_arrival_ternary
D:2:      dancing_weapons_uskayaw, gammafunk_temple_overflow_pools,
          uniq_terence, uniq_natasha

Skill      XL: |  1  2  3  4 |
---------------+-------------+-----
Armour         | 1 2 |  2.3
Fighting       | 4 |  4.5
Axes           | 4 |  4.1
Dodging        | 4 |  4.1
Stealth        | |  1.7

Action                   |  1- 3 |  4- 6 || total
-------------------------+-------+-------++-------
Melee: Hand axe          |    66 |    51 ||   117
  Use: Potion            |     1 |       ||     1
 Stab: Sleeping          |     1 |       ||     1
Armor: Robe              |    28 |     5 ||    33
       Plate armour      |       |    26 ||    26
Dodge: Dodged            |    65 |    28 ||    93

Table legend:
 A = Spawn XP
 B = Non-spawn XP
 C = Spawn XP percentage of total XP
 D = Spawn monster count
 E = Non-spawn monster count
 F = Spawn count percentage of total count
 G = Total turns spent on level
                    A         B        C        D         E        F      G
               +---------+---------+-------+---------+---------+-------+---------
         Total |       0 |     151 |   0.0 |       0 |      34 |   0.0 |   917
               +---------+---------+-------+---------+---------+-------+---------
           D:1 |       0 |      38 |   0.0 |       0 |      21 |   0.0 |   498
           D:2 |       0 |     113 |   0.0 |       0 |      13 |   0.0 |   419
               +---------+---------+-------+---------+---------+-------+---------
